 Dungeon Crawl Stone Soup version 0.31.0-11-ge490571c62 (webtiles) character file.

Game seed: 1742578759827817523

71 Gadfly the Ducker (level 4, 0/36 HPs)
             Began as a Merfolk Monk on Jan 29, 2024.
             Slain by a ball python (2 damage)
             ... on level 3 of the Dungeon.
             The game lasted 00:02:30 (1741 turns).

Gadfly the Ducker (Merfolk Monk)                    Turns: 1741, Time: 00:02:31

Health: 0/36       AC:  3    Str: 13    XL:     4   Next: 24%
Magic:  4/4        EV: 13    Int:  9    God:
Gold:   108        SH:  0    Dex: 18    Spells: 3/3 levels left

rFire   . . .        b - +1 dagger (venom)
rCold   . . .        c - orb {light}
rNeg    + . .        m - +0 leather armour of Noughts and Crosses {rN+ Dex+2}
rPois   .            (no helmet)
rElec   .            (no cloak)
rCorr   .            (no gloves)
SInv    .            (no boots)
Will    .....        (no amulet)
Stlth   +            (no ring)
HPRegen 0.26/turn    (no ring)
MPRegen 0.09/turn

%: no passive effects
@: glowing
A: (nimble swimmer 2), mertail
a: no special abilities


You were on level 3 of the Dungeon.
You visited 1 branch of the dungeon, and saw 3 of its levels.

You collected 108 gold pieces.

Inventory:

Hand Weapons
 b - a +1 dagger of venom (weapon)
Armour
 a - a +1 robe
 c - an orb of light (worn)
 m - the +0 leather armour of Noughts and Crosses (worn) {rN+ Dex+2}
   (You found it on level 2 of the Dungeon)

   Dex+2:     It affects your dexterity (+2).
   rN+:       It protects you from negative energy.
Talismans
 j - a beast talisman
Potions
 d - a potion of berserk rage
 e - a potion of mutation
 h - a potion of curing {unknown}
 k - a potion of might


   Skills:
 + Level 3.6 Fighting
 + Level 4.2 Dodging
 * Level 3.9 Unarmed Combat
 * Level 1.6 Evocations
 * Level 2.1 Shapeshifting


You had 3 spell levels left.
You didn't know any spells.
Your spell library contained the following spells:

 Spells                   Type           Power      Damage    Failure   Level
 Fugue of the Fallen      Necr           0%         N/A       83%         3
 Ozocubu's Armour         Ice            0%         N/A       83%         3
 Manifold Assault         Tloc           0%         N/A       99%         4


Dungeon Overview and Level Annotations

Branches:
Dungeon (3/15)

Altars:


Innate Abilities, Weirdness & Mutations

((You are very nimble when in or above water. (Stealth+, EV+, Speed+++)))
Your lower body shifts to a powerful aquatic tail in water.


Message History

There is a stone staircase leading up, spattered with blood here.
The endoplasm closely misses you.
You hit the endoplasm.
The endoplasm is heavily wounded.
The endoplasm hits you.
You hit the endoplasm.
You kill the endoplasm!
A ball python comes into view.
The ball python hisses angrily.
The gnoll hits you with a +0 spear. x2
You hit the gnoll but do no damage. The gnoll hits you but does no damage.
The gnoll hits you with a +0 spear.
You hit the gnoll but do no damage. The gnoll hits you with a +0 spear. x2
You are too injured to fight recklessly!
You are too injured to fight recklessly!
You are too injured to fight recklessly!
You are too injured to fight recklessly!
You are too injured to fight recklessly!
You are too injured to fight recklessly!
You are too injured to fight recklessly!
You are too injured to fight recklessly!
You are too injured to fight recklessly!
You are too injured to fight recklessly!
You are too injured to fight recklessly!
You are too injured to fight recklessly!
You are too injured to fight recklessly!
You are too injured to fight recklessly!
You are too injured to fight recklessly!
The gnoll barely misses you. The gnoll closely misses you.
The gnoll attacks as it pursues you! The gnoll closely misses you.
The ball python barely misses you. x2; The gnoll attacks as it pursues you!
The gnoll barely misses you.
There is a stone staircase leading up, spattered with blood here.
The ball python barely misses you. The ball python closely misses you.
The gnoll hits you from afar with a +0 spear!
* * * LOW HITPOINT WARNING * * *
The gnoll hits you from afar with a +0 spear.
* * * LOW HITPOINT WARNING * * *
The ball python bites you.
You die...

#. . #. ..#
##.##
..##...######
#...#.......
#.....####.##
#..g........
#@Sg........
#.##~~.P..~P
...##~~~~~.~~
.....##~~P~P~~~
##.##.##~~~~~P~~
#. #.##PP~~~~P~
# #.#.PP~~~≈≈~
#..♣~~~~≈≈≈≈


You could see 2 gnolls and a ball python.

Vanquished Creatures
  A gnoll (D:2)
  2 adders (D:2)
  3 dart slugs
  A ribbon worm (D:2)
  2 bats
  3 endoplasms
  2 giant cockroaches (D:1)
  3 goblins
  A hobgoblin (D:2)
  2 jackals (D:1)
  A quokka (D:1)
  2 ball pythons
  3 frilled lizards
  6 kobolds
  4 rats
36 creatures vanquished.

Notes
Turn   | Place    | Note
-------+----------+-------------------------------------------
     0 | D:1      | Gadfly the Merfolk Monk began the quest for the Orb.
     0 | D:1      | Reached XP level 1. HP: 18/18 MP: 1/1
   108 | D:1      | Reached XP level 2. HP: 15/24 MP: 2/2
   280 | D:1      | Reached skill level 1 in Shapeshifting
   819 | D:1      | Reached skill level 1 in Evocations
   964 | D:1      | Reached XP level 3. HP: 29/29 MP: 3/3
  1167 | D:2      | Found a faded altar of an unknown god.
  1326 | D:2      | Identified the +0 leather armour of Noughts and Crosses
                  | {rN+ Dex+2}
  1503 | D:2      | Reached XP level 4. HP: 31/36 MP: 4/4
  1741 | D:3      | Slain by a ball python

Illustrated notes

Levels and vault maps discovered:
D:1:      minmay_arrival_up_and_down, layout_basic
D:2:      layout_rooms, hellmonk_ecumenical_altar_leap_of_faith,
          chequers_serial_rivers_room_b
D:3:      layout_loops_ring, serial_bayou, serial_bayou_shore_a,
          serial_bayou_pond_b, serial_bayou_pond_b, serial_bayou_lagoon_a,
          uniq_sigmund

Skill      XL: |  1  2  3  4 |
---------------+-------------+-----
Shapeshifting  | 1 2 |  2.1
Evocations     | 1 |  1.6
Fighting       | |  3.6
Dodging        | |  4.2
Unarmed Combat | |  3.9

Action                     |  1- 3 |  4- 6 || total
---------------------------+-------+-------++-------
  Melee: Unarmed           |    40 |       ||    40
         Dagger            |    44 |    15 ||    59
    Use: Scroll            |     6 |     3 ||     9
         Potion            |     1 |     1 ||     2
 Armour: Robe              |    33 |       ||    33
         Leather armour    |     4 |    19 ||    23
  Dodge: Dodged            |    63 |    17 ||    80
